Tappara Tampere vs Cape Breton Oilers
Created - Sunday, September 8, 2024 at 07:54
Goals
|
| Tappara Tampere |
2 |
1 |
0 |
1 |
4 |
| Cape Breton Oilers |
0 |
1 |
2 |
0 |
3 |
|
Shots
|
| Tappara Tampere |
9 |
10 |
20 |
4 |
43 |
| Cape Breton Oilers |
11 |
11 |
12 |
0 |
34 |
|
1st period
1. Tappara Tampere , Logan Stankoven 8 (Matthew Beniers 10) at 0:18 (PP)
2. Tappara Tampere , Kent Johnson 10 (Dominik Kubalik 9) at 17:23 (PP)
Penalties :
Brett Seney (CBO) for Slashing (Minor) at 0:07, Will Cuylle (CBO) for Tripping (Minor) at 8:10, Wyatt Kaiser (CBO) for Holding (Minor) at 17:09
2nd period
3. Cape Breton Oilers , Brett Seney 8 (Alexey Toropchenko 18, Vladislav Kolyachonok 5) at 3:29
4. Tappara Tampere , Matt Martin 4 (Calvin De Haan 12, Kent Johnson 9) at 3:41
Penalties :
No Penalty
3rd period
5. Cape Breton Oilers , Will Cuylle 5 (Luke Evangelista 12, Jonny Brodzinski 16) at 15:30
6. Cape Breton Oilers , Parker Kelly 10 (Brett Seney 13, Alexey Toropchenko 19) at 16:47 (PP)
Penalties :
Wyatt Kaiser (CBO) for Hooking (Minor) at 3:13, Alexey Toropchenko (CBO) for Cross-checking (Minor) at 10:51, Ben Hutton (TAP) for Elbowing (Minor) at 16:30
Overtime #1
7. Tappara Tampere , Matthew Beniers 12 (Andrew Cogliano 3, Calvin De Haan 13) at 0:14
Penalties :
No Penalty
Goalie Stats
Chris Driedger (TAP), 31 saves from 34 shots - (0.912), W, 3-5-0, 60:14 minutes
Hunter Jones (CBO), 39 saves from 43 shots - (0.907), OTL, 4-2-2, 60:14 minutes
Players Stats for Tappara Tampere
Player Name G A P +/- PIM S H SB GA TA FO MP PP MP PK MP
------------------------------------------------------------------------------------
Andrew Cogliano 0 1 1 -1 0 2 0 1 0 0 1/1 14:55 0:00 0:02
Ben Hutton 0 0 0 1 2 0 2 0 1 0 0/0 20:39 3:10 0:00
Calvin De Haan 0 2 2 2 0 2 0 3 0 0 0/0 21:11 3:10 0:17
Dominik Kubalik 0 1 1 -2 0 7 1 0 2 0 1/2 16:33 2:40 0:00
Jan Rutta 0 0 0 0 0 1 2 1 0 0 0/0 21:41 3:12 0:17
Jayson Megna 0 0 0 -2 0 2 2 1 0 0 11/20 16:42 2:43 0:00
John Klingberg 0 0 0 -1 0 2 1 1 0 0 0/0 21:38 3:12 0:00
Kent Johnson 1 1 2 1 0 8 0 0 0 0 1/2 16:36 3:11 0:00
Logan Stankoven 1 0 1 0 0 3 3 0 0 0 0/0 17:29 3:09 0:00
Matt Martin 1 0 1 1 0 2 1 0 0 0 0/1 14:51 0:29 0:00
Matthew Beniers 1 1 2 1 0 6 2 0 0 0 14/17 17:51 3:11 0:00
Mattias Janmark 0 0 0 0 0 1 2 0 1 1 0/0 11:01 0:00 0:15
Nathan Walker 0 0 0 0 0 1 2 0 1 0 0/1 14:17 0:00 0:00
Nikita Zaitsev 0 0 0 -1 0 1 3 0 0 1 0/0 17:25 0:00 0:00
Sam Carrick 0 0 0 1 0 2 3 1 0 0 9/14 15:20 0:33 0:02
Sebastian J Aho 0 0 0 -1 0 0 0 3 0 0 0/0 17:53 0:00 0:00
Tanner Pearson 0 0 0 0 0 1 0 0 0 2 0/0 13:35 3:10 0:00
Tomas Nosek 0 0 0 0 0 2 0 0 1 0 4/7 11:01 0:00 0:15
Players Stats for Cape Breton Oilers
Player Name G A P +/- PIM S H SB GA TA FO MP PP MP PK MP
------------------------------------------------------------------------------------
Alex Belzile 0 0 0 0 0 0 0 0 0 0 5/8 8:53 0:00 0:00
Alexey Toropchenko 0 2 2 -1 2 3 2 1 0 1 1/4 22:51 0:17 1:27
Brennan Othmann 0 0 0 0 0 3 2 0 0 0 0/0 14:38 0:00 0:00
Brett Seney 1 1 2 0 2 5 1 1 0 0 0/0 14:47 0:17 0:48
Carl Grundstrom 0 0 0 0 0 2 0 0 1 0 0/0 9:05 0:00 0:00
Dominic Toninato 0 0 0 0 0 6 1 1 1 0 5/14 17:16 0:00 2:23
Jonny Brodzinski 0 1 1 1 0 1 0 0 0 0 5/12 15:46 0:00 0:00
Kevin Bahl 0 0 0 -2 0 2 2 0 1 0 0/0 26:04 0:17 3:13
Leon Gawanke 0 0 0 1 0 0 1 2 0 1 0/0 14:41 0:00 0:17
Luke Evangelista 0 1 1 0 0 1 0 0 1 0 1/2 18:29 0:00 2:53
Matt Luff 0 0 0 0 0 0 0 0 0 1 0/1 3:10 0:00 0:00
Max Jones 0 0 0 0 0 4 3 0 0 0 1/2 17:16 0:00 2:41
Parker Kelly 1 0 1 0 0 3 7 0 0 1 5/21 16:27 0:17 2:22
Philip Broberg 0 0 0 -2 0 0 0 4 0 1 0/0 25:25 0:17 3:13
Vladislav Kolyachonok 0 1 1 1 0 0 0 1 0 0 0/0 19:03 0:00 3:06
Will Cuylle 1 0 1 1 2 3 1 1 0 1 1/1 16:08 0:00 0:10
William Trudeau 0 0 0 1 0 1 0 0 0 0 0/0 14:39 0:00 0:43
Wyatt Kaiser 0 0 0 1 4 0 1 1 0 0 0/0 19:51 0:00 2:12
3 Stars
1 - Matthew Beniers (TAP)
2 - Kent Johnson (TAP)
3 - Parker Kelly (CBO)
Power Play
Tappara Tampere - 2 on 5 Attempt(s) - 40.00%
Cape Breton Oilers - 1 on 1 Attempt(s) - 100.00%
Penalty Kill
Tappara Tampere - 0 on 1 Attempt(s) - 0.00%
- Score 0 goal in Penalty Kill
Cape Breton Oilers - 3 on 5 Attempt(s) - 60.00%
- Score 0 goal in Penalty Kill
Team Stat
Tappara Tampere - Hits : 24 - Faceoff Wins : 41 - Blocked Shots : 11 - Penalty Minutes : 2
Cape Breton Oilers - Hits : 21 - Faceoff Wins : 24 - Blocked Shots : 12 - Penalty Minutes : 10
Official
Referees : Justin St. Pierre and Beaudry Halkidis
Linesman : Brandon Gawryletz and James Tobias
Game Notes
No Game Note
Tappara Tampere
5 vs 5 Forward
Center Left Wing Right Wing Time % Phy DF OF
1 Matthew Beniers Nathan Walker Logan Stankoven 28 1 2 2
2 Jayson Megna Andrew Cogliano Dominik Kubalik 28 1 2 2
3 Sam Carrick Kent Johnson Matt Martin 26 1 2 2
4 Tomas Nosek Tanner Pearson Mattias Janmark 18 1 2 2
5 vs 5 Defense
Defense Defense Time % Phy DF OF
1 Jan Rutta Nikita Zaitsev 34 1 2 2
2 Ben Hutton Calvin De Haan 33 1 2 2
3 Sebastian J Aho John Klingberg 33 1 2 2
4 Jan Rutta Calvin De Haan 0 1 2 2
PowerPlay Forward
Center Left Wing Right Wing Time % Phy DF OF
1 Matthew Beniers Tanner Pearson Logan Stankoven 50 1 1 3
2 Kent Johnson Jayson Megna Dominik Kubalik 50 1 1 3
PowerPlay Defense
Defense Defense Time % Phy DF OF
1 Jan Rutta John Klingberg 50 1 2 2
2 Ben Hutton Calvin De Haan 50 1 2 2
Penalty Kill 4 Players Forward
Center Wing Time % Phy DF OF
1 Sam Carrick Andrew Cogliano 50 1 3 1
2 Tomas Nosek Mattias Janmark 50 1 3 1
Penalty Kill 4 Players Defense
Defense Defense Time % Phy DF OF
1 Jan Rutta Calvin De Haan 50 2 2 1
2 Sebastian J Aho Nikita Zaitsev 50 2 2 1
Penalty Kill - 3 Players Forward
Forward Time % Phy DF OF
1 Jayson Megna 50 1 3 1
2 Sam Carrick 50 1 3 1
Penalty Kill - 3 Players Defense
Defense Defense Time % Phy DF OF
1 Jan Rutta Calvin De Haan 50 2 2 1
2 Sebastian J Aho Nikita Zaitsev 50 2 2 1
4 vs 4 Forward
Center Wing Time % Phy DF OF
1 Matthew Beniers Andrew Cogliano 50 1 2 2
2 Logan Stankoven Kent Johnson 50 1 2 2
4 vs 4 Defense
Defense Defense Time % Phy DF OF
1 Jan Rutta Calvin De Haan 50 1 2 2
2 Ben Hutton John Klingberg 50 1 2 2
Last Minutes Offensive
Center Left Wing Right Wing Defense Defense
Matthew Beniers Andrew Cogliano Logan Stankoven Jan Rutta Calvin De Haan
Last Minutes Defensive
Center Left Wing Right Wing Defense Defense
Matthew Beniers Andrew Cogliano Logan Stankoven Jan Rutta Calvin De Haan
Goaltenders
Starting : Chris Driedger
Backup : Joel Hofer
Extra Forwards
Normal : Sam Carrick, Matt Martin, Tanner Pearson - PP : Sam Carrick, Matt Martin - PK : Tanner Pearson
Extra Defensemen
Normal : Nikita Zaitsev, Sebastian J Aho, Ben Hutton - PP : Nikita Zaitsev - PK : Sebastian J Aho, Ben Hutton
Penalty Shots
Matthew Beniers, Andrew Cogliano, Logan Stankoven, Kent Johnson, Mattias Janmark
Scratches
Andreas Englund (Healthy), Niko Mikkola (Healthy), Klim Kostin (Healthy), Ville Ottavainen (Healthy), Max Sasson (Healthy)
Sheldon Dries (Healthy), Jesper Vikman (Healthy), Nikita Tolopilo (Healthy), Brandon Bussi (Healthy)
Cape Breton Oilers
5 vs 5 Forward
Center Left Wing Right Wing Time % Phy DF OF
1 Parker Kelly Brett Seney Alexey Toropchenko 30 1 2 2
2 Jonny Brodzinski Will Cuylle Luke Evangelista 30 1 2 2
3 Dominic Toninato Brennan Othmann Max Jones 25 1 2 2
4 Alex Belzile Alexey Toropchenko Carl Grundstrom 15 1 2 2
5 vs 5 Defense
Defense Defense Time % Phy DF OF
1 Kevin Bahl Philip Broberg 30 1 2 2
2 Wyatt Kaiser Vladislav Kolyachonok 30 1 2 2
3 Leon Gawanke William Trudeau 25 1 2 2
4 Kevin Bahl Philip Broberg 15 1 2 2
PowerPlay Forward
Center Left Wing Right Wing Time % Phy DF OF
1 Parker Kelly Brett Seney Alexey Toropchenko 50 1 2 2
2 Jonny Brodzinski Will Cuylle Luke Evangelista 50 1 2 2
PowerPlay Defense
Defense Defense Time % Phy DF OF
1 Kevin Bahl Philip Broberg 50 1 2 2
2 Wyatt Kaiser Vladislav Kolyachonok 50 1 2 2
Penalty Kill 4 Players Forward
Center Wing Time % Phy DF OF
1 Alexey Toropchenko Luke Evangelista 50 1 2 2
2 Max Jones Parker Kelly 50 1 2 2
Penalty Kill 4 Players Defense
Defense Defense Time % Phy DF OF
1 Kevin Bahl Philip Broberg 50 1 2 2
2 Wyatt Kaiser Vladislav Kolyachonok 50 1 2 2
Penalty Kill - 3 Players Forward
Forward Time % Phy DF OF
1 Alexey Toropchenko 50 1 2 2
2 Luke Evangelista 50 1 2 2
Penalty Kill - 3 Players Defense
Defense Defense Time % Phy DF OF
1 Kevin Bahl Philip Broberg 50 1 2 2
2 Wyatt Kaiser Vladislav Kolyachonok 50 1 2 2
4 vs 4 Forward
Center Wing Time % Phy DF OF
1 Alexey Toropchenko Luke Evangelista 50 1 2 2
2 Max Jones Parker Kelly 50 1 2 2
4 vs 4 Defense
Defense Defense Time % Phy DF OF
1 Kevin Bahl Philip Broberg 50 1 2 2
2 Wyatt Kaiser Vladislav Kolyachonok 50 1 2 2
Last Minutes Offensive
Center Left Wing Right Wing Defense Defense
Parker Kelly Brett Seney Alexey Toropchenko Kevin Bahl Philip Broberg
Last Minutes Defensive
Center Left Wing Right Wing Defense Defense
Parker Kelly Brett Seney Alexey Toropchenko Kevin Bahl Philip Broberg
Goaltenders
Starting : Hunter Jones
Backup : Joel Blomqvist
Extra Forwards
Normal : Matt Luff, Carl Grundstrom, Dominic Toninato - PP : Matt Luff, Carl Grundstrom - PK : Dominic Toninato
Extra Defensemen
Normal : Leon Gawanke, William Trudeau, Wyatt Kaiser - PP : Leon Gawanke - PK : William Trudeau, Wyatt Kaiser
Penalty Shots
Alexey Toropchenko, Luke Evangelista, Max Jones, Parker Kelly, Brett Seney
Scratches
Chase Stillman (Healthy), Nolan Allan (Healthy), Josh Bloom (Healthy), Mike Benning (Healthy), Maxim Groshev (Healthy)
Jonah Gadjovich (Healthy), Jacob Ingham (Healthy), Matt Villalta (Healthy)
% Time on Ice - Tappara Tampere
Lines # - Real PCT - Wanted PCT - Time Play
Normal Forward
1 - 27% - 28% - 14:33
2 - 26% - 28% - 13:59
3 - 26% - 26% - 14:03
4 - 20% - 18% - 10:46
Normal Defense
1 - 34% - 34% - 18:16
2 - 33% - 33% - 17:30
3 - 33% - 33% - 17:35
4 - 0% - 0% - 0:00
PP Forward
1 - 50% - 50% - 3:11
2 - 50% - 50% - 3:11
PP Defense
1 - 50% - 50% - 3:12
2 - 50% - 50% - 3:10
PK Forward
1 - 12% - 50% - 0:02
2 - 88% - 50% - 0:15
PK Defense
1 - 100% - 50% - 0:17
2 - 0% - 50% - 0:00
PK3 Forward
1 - 0% - 50%
2 - 0% - 50%
PK3 Defense
1 - 0% - 50%
2 - 0% - 50%
44 Forward
1 - 100% - 50% - 0:14
2 - 0% - 50% - 0:00
44 Defense
1 - 100% - 50% - 0:14
2 - 0% - 50% - 0:00
Last Minute Offensive - 0:00
Last Minute Defensive - 0:00
Total
Forward - 60:14
Defense - 60:14
|
% Time on Ice - Cape Breton Oilers
Lines # - Real PCT - Wanted PCT - Time Play
Normal Forward
1 - 26% - 30% - 13:43
2 - 30% - 30% - 16:07
3 - 27% - 25% - 14:38
4 - 17% - 15% - 8:53
Normal Defense
1 - 29% - 30% - 15:16
2 - 31% - 30% - 16:42
3 - 25% - 25% - 13:33
4 - 15% - 15% - 7:50
PP Forward
1 - 100% - 50% - 0:17
2 - 0% - 50% - 0:00
PP Defense
1 - 100% - 50% - 0:17
2 - 0% - 50% - 0:00
PK Forward
1 - 54% - 50% - 3:27
2 - 46% - 50% - 2:55
PK Defense
1 - 51% - 50% - 3:13
2 - 49% - 50% - 3:09
PK3 Forward
1 - 0% - 50%
2 - 0% - 50%
PK3 Defense
1 - 0% - 50%
2 - 0% - 50%
44 Forward
1 - 100% - 50% - 0:14
2 - 0% - 50% - 0:00
44 Defense
1 - 100% - 50% - 0:14
2 - 0% - 50% - 0:00
Last Minute Offensive - 0:00
Last Minute Defensive - 0:00
Total
Forward - 60:14
Defense - 60:14
|
Play-by-Play
1st period
0:01 of 1st period - Matthew Beniers wins face-off versus Parker Kelly in neutral zone.
0:07 of 1st period - Minor Penalty to Brett Seney for Slashing.
0:08 of 1st period - Matthew Beniers wins face-off versus Alexey Toropchenko in Cape Breton Oilers zone.
0:14 of 1st period - Wrist shot by Matthew Beniers.
0:14 of 1st period - Stopped by Hunter Jones without a rebound.
0:15 of 1st period - Matthew Beniers wins face-off versus Alexey Toropchenko in Cape Breton Oilers zone.
0:18 of 1st period - Wrist shot by Logan Stankoven.
0:18 of 1st period - Goal by Logan Stankoven - Tappara Tampere : 1 - Cape Breton Oilers : 0.
0:19 of 1st period - Jonny Brodzinski wins face-off versus Jayson Megna in neutral zone.
0:44 of 1st period - Calvin De Haan is hit by Max Jones.
1:55 of 1st period - Off-side.
1:56 of 1st period - Dominic Toninato wins face-off versus Sam Carrick in neutral zone.
2:40 of 1st period - Matt Martin is hit by Dominic Toninato and loses puck.
2:49 of 1st period - Wrist shot by Max Jones.
2:49 of 1st period - Shot Blocked by Sebastian J Aho.
2:51 of 1st period - Wrist shot by Max Jones.
2:51 of 1st period - Stopped by Chris Driedger without a rebound.
2:52 of 1st period - Parker Kelly wins face-off versus Matthew Beniers in Tappara Tampere zone.
2:57 of 1st period - Snap shot by Brett Seney.
2:57 of 1st period - Stopped by Chris Driedger without a rebound.
2:58 of 1st period - Matthew Beniers wins face-off versus Parker Kelly in Tappara Tampere zone.
3:05 of 1st period - Snap shot by Nathan Walker.
3:05 of 1st period - Stopped by Hunter Jones without a rebound.
3:06 of 1st period - Jayson Megna wins face-off versus Jonny Brodzinski in Cape Breton Oilers zone.
3:07 of 1st period - Slapshot by Dominik Kubalik.
3:07 of 1st period - Stopped by Hunter Jones without a rebound.
3:08 of 1st period - Jonny Brodzinski wins face-off versus Jayson Megna in Cape Breton Oilers zone.
3:08 of 1st period - Jonny Brodzinski is hit by Jan Rutta.
3:16 of 1st period - Snap shot by Luke Evangelista.
3:16 of 1st period - Shot Blocked by Jayson Megna.
4:08 of 1st period - Slapshot by Jan Rutta.
4:08 of 1st period - Shot Blocked by Leon Gawanke.
4:33 of 1st period - Icing by Kent Johnson.
4:34 of 1st period - Alex Belzile wins face-off versus Sam Carrick in Tappara Tampere zone.
4:35 of 1st period - Snap shot by Alexey Toropchenko.
4:35 of 1st period - Shot Misses the Net.
5:34 of 1st period - Icing by Brennan Othmann.
5:35 of 1st period - Alex Belzile wins face-off versus Tomas Nosek in Cape Breton Oilers zone.
6:12 of 1st period - Ben Hutton is hit by Wyatt Kaiser and loses puck.
6:27 of 1st period - Snap shot by Max Jones.
6:27 of 1st period - Shot Misses the Net.
6:29 of 1st period - Backhand shot by Max Jones.
6:29 of 1st period - Deflect By Dominic Toninato.
6:29 of 1st period - Stopped by Chris Driedger without a rebound.
6:30 of 1st period - Matthew Beniers wins face-off versus Parker Kelly in Tappara Tampere zone.
7:14 of 1st period - Kevin Bahl is hit by Logan Stankoven and loses puck.
7:28 of 1st period - Slapshot by Jan Rutta.
7:28 of 1st period - Stopped by Hunter Jones with a rebound.
7:30 of 1st period - Wrist shot by Nathan Walker.
7:30 of 1st period - Shot Misses the Net.
7:35 of 1st period - Slapshot by Ben Hutton.
7:35 of 1st period - Shot Misses the Net.
7:37 of 1st period - Snap shot by Nathan Walker.
7:37 of 1st period - Shot Misses the Net.
7:43 of 1st period - Wrist shot by Matthew Beniers.
7:43 of 1st period - Deflect By Logan Stankoven.
7:43 of 1st period - Shot Misses the Net.
7:43 of 1st period - Puck is out of play.
7:44 of 1st period - Jonny Brodzinski wins face-off versus Jayson Megna in Cape Breton Oilers zone.
7:57 of 1st period - Snap shot by Andrew Cogliano.
7:57 of 1st period - Stopped by Hunter Jones without a rebound.
7:58 of 1st period - Tomas Nosek wins face-off versus Jonny Brodzinski in Cape Breton Oilers zone.
8:10 of 1st period - Minor Penalty to Will Cuylle for Tripping.
8:11 of 1st period - Max Jones wins face-off versus Kent Johnson in Cape Breton Oilers zone.
8:23 of 1st period - Max Jones is hit by Ben Hutton and loses puck.
10:10 of 1st period - Penalty to Will Cuylle is over, Will Cuylle is back on ice.
11:30 of 1st period - Jonny Brodzinski is hit by Sam Carrick and loses puck.
12:03 of 1st period - Parker Kelly is hit by Nikita Zaitsev and loses puck.
12:14 of 1st period - Carl Grundstrom is hit by Sam Carrick and loses puck.
13:20 of 1st period - Icing by Parker Kelly.
13:21 of 1st period - Andrew Cogliano wins face-off versus Parker Kelly in Cape Breton Oilers zone.
13:30 of 1st period - Andrew Cogliano is hit by Alexey Toropchenko and loses puck.
13:37 of 1st period - Snap shot by Brett Seney.
13:37 of 1st period - Stopped by Chris Driedger with a rebound.
13:51 of 1st period - Snap shot by Jayson Megna.
13:51 of 1st period - Shot Misses the Net.
13:53 of 1st period - Slapshot by Nikita Zaitsev.
13:53 of 1st period - Stopped by Hunter Jones without a rebound.
13:54 of 1st period - Jonny Brodzinski wins face-off versus Matt Martin in Cape Breton Oilers zone.
14:03 of 1st period - Snap shot by Will Cuylle.
14:03 of 1st period - Stopped by Chris Driedger with a rebound.
14:05 of 1st period - Snap shot by Will Cuylle.
14:05 of 1st period - Shot Misses the Net.
14:07 of 1st period - Slapshot by Wyatt Kaiser.
14:07 of 1st period - Shot Misses the Net.
14:09 of 1st period - Wrist shot by Will Cuylle.
14:09 of 1st period - Stopped by Chris Driedger with a rebound.
16:03 of 1st period - Wrist shot by Kent Johnson.
16:03 of 1st period - Shot Misses the Net.
16:05 of 1st period - Snap shot by Nikita Zaitsev.
16:05 of 1st period - Deflect By Kent Johnson.
16:05 of 1st period - Shot Misses the Net.
16:05 of 1st period - Puck is out of play.
16:06 of 1st period - Dominic Toninato wins face-off versus Jayson Megna in Cape Breton Oilers zone.
16:06 of 1st period - Dominic Toninato is hit by Jayson Megna.
16:18 of 1st period - Snap shot by Andrew Cogliano.
16:18 of 1st period - Shot Blocked by Vladislav Kolyachonok.
16:20 of 1st period - Snap shot by Dominik Kubalik.
16:20 of 1st period - Stopped by Hunter Jones with a rebound.
17:09 of 1st period - Minor Penalty to Wyatt Kaiser for Holding.
17:10 of 1st period - Kent Johnson wins face-off versus Max Jones in Cape Breton Oilers zone.
17:11 of 1st period - Snap shot by Dominik Kubalik.
17:11 of 1st period - Shot Misses the Net.
17:21 of 1st period - Wrist shot by Dominik Kubalik.
17:21 of 1st period - Shot Hit the Post.
17:23 of 1st period - Snap shot by Dominik Kubalik.
17:23 of 1st period - Deflect By Kent Johnson.
17:23 of 1st period - Goal by Kent Johnson - Tappara Tampere : 2 - Cape Breton Oilers : 0.
17:24 of 1st period - Parker Kelly wins face-off versus Jayson Megna in neutral zone.
17:29 of 1st period - Wrist shot by Parker Kelly.
17:29 of 1st period - Stopped by Chris Driedger with a rebound.
17:31 of 1st period - Slapshot by Kevin Bahl.
17:31 of 1st period - Stopped by Chris Driedger without a rebound.
17:32 of 1st period - Parker Kelly wins face-off versus Jayson Megna in Tappara Tampere zone.
17:33 of 1st period - Wrist shot by Alexey Toropchenko.
17:33 of 1st period - Shot Blocked by Sebastian J Aho.
17:35 of 1st period - Snap shot by Brett Seney.
17:35 of 1st period - Stopped by Chris Driedger with a rebound.
17:45 of 1st period - Wrist shot by Alexey Toropchenko.
17:45 of 1st period - Stopped by Chris Driedger with a rebound.
17:47 of 1st period - Wrist shot by Alexey Toropchenko.
17:47 of 1st period - Shot Blocked by Andrew Cogliano.
18:01 of 1st period - Snap shot by Max Jones.
18:01 of 1st period - Shot Misses the Net.
18:03 of 1st period - Snap shot by Dominic Toninato.
18:03 of 1st period - Stopped by Chris Driedger with a rebound.
18:43 of 1st period - Wrist shot by Alexey Toropchenko.
18:43 of 1st period - Shot Blocked by Jan Rutta.
19:23 of 1st period - Icing by Matthew Beniers.
19:24 of 1st period - Matthew Beniers wins face-off versus Parker Kelly in Tappara Tampere zone.
19:24 of 1st period - Matthew Beniers is hit by Parker Kelly.
Goals for this period are 2 for Tappara Tampere vs 0 for Cape Breton Oilers.
Shots for this period are 9 for Tappara Tampere vs 11 for Cape Breton Oilers.
2nd period
0:01 of 2nd period - Jayson Megna wins face-off versus Parker Kelly in neutral zone.
0:16 of 2nd period - Slapshot by Dominik Kubalik.
0:16 of 2nd period - Stopped by Hunter Jones with a rebound.
0:33 of 2nd period - Icing by Will Cuylle.
0:34 of 2nd period - Matthew Beniers wins face-off versus Jonny Brodzinski in Cape Breton Oilers zone.
0:45 of 2nd period - Snap shot by Luke Evangelista.
0:45 of 2nd period - Deflect By Jonny Brodzinski.
0:45 of 2nd period - Stopped by Chris Driedger with a rebound.
0:59 of 2nd period - Snap shot by Alexey Toropchenko.
0:59 of 2nd period - Shot Misses the Net.
1:01 of 2nd period - Slapshot by William Trudeau.
1:01 of 2nd period - Shot Blocked by Calvin De Haan.
1:20 of 2nd period - Dominik Kubalik is hit by Brennan Othmann.
1:28 of 2nd period - Snap shot by Kent Johnson.
1:28 of 2nd period - Shot Blocked by Philip Broberg.
1:30 of 2nd period - Slapshot by Sam Carrick.
1:30 of 2nd period - Shot Misses the Net.
1:32 of 2nd period - Slapshot by Calvin De Haan.
1:32 of 2nd period - Shot Misses the Net.
2:12 of 2nd period - Logan Stankoven is hit by Parker Kelly and loses puck.
2:25 of 2nd period - Alexey Toropchenko is hit by Jayson Megna and loses puck.
2:42 of 2nd period - Backhand shot by Sam Carrick.
2:42 of 2nd period - Deflect By Luke Evangelista.
2:42 of 2nd period - Stopped by Hunter Jones with a rebound.
2:44 of 2nd period - Backhand shot by John Klingberg.
2:44 of 2nd period - Stopped by Hunter Jones with a rebound.
2:56 of 2nd period - Slapshot by Max Jones.
2:56 of 2nd period - Stopped by Chris Driedger without a rebound.
2:57 of 2nd period - Tomas Nosek wins face-off versus Dominic Toninato in Tappara Tampere zone.
2:57 of 2nd period - Tanner Pearson is hit by Leon Gawanke and loses puck.
3:12 of 2nd period - Snap shot by Tomas Nosek.
3:12 of 2nd period - Stopped by Hunter Jones without a rebound.
3:13 of 2nd period - Jayson Megna wins face-off versus Parker Kelly in Cape Breton Oilers zone.
3:19 of 2nd period - Icing by Vladislav Kolyachonok.
3:20 of 2nd period - Jayson Megna wins face-off versus Parker Kelly in Cape Breton Oilers zone.
3:29 of 2nd period - Snap shot by Brett Seney.
3:29 of 2nd period - Goal by Brett Seney - Tappara Tampere : 2 - Cape Breton Oilers : 1.
3:30 of 2nd period - Sam Carrick wins face-off versus Parker Kelly in neutral zone.
3:33 of 2nd period - Snap shot by Kent Johnson.
3:33 of 2nd period - Shot Misses the Net.
3:35 of 2nd period - Wrist shot by Kent Johnson.
3:35 of 2nd period - Stopped by Hunter Jones with a rebound.
3:37 of 2nd period - Snap shot by Kent Johnson.
3:37 of 2nd period - Shot Misses the Net.
3:39 of 2nd period - Snap shot by Calvin De Haan.
3:39 of 2nd period - Stopped by Hunter Jones with a rebound.
3:41 of 2nd period - Wrist shot by Matt Martin.
3:41 of 2nd period - Goal by Matt Martin - Tappara Tampere : 3 - Cape Breton Oilers : 1.
3:42 of 2nd period - Jayson Megna wins face-off versus Parker Kelly in neutral zone.
4:16 of 2nd period - Snap shot by Kent Johnson.
4:16 of 2nd period - Shot Blocked by Will Cuylle.
4:22 of 2nd period - Will Cuylle is hit by Jan Rutta and loses puck.
5:52 of 2nd period - Jonny Brodzinski is hit by Nathan Walker and loses puck.
6:20 of 2nd period - Kevin Bahl is hit by Mattias Janmark and loses puck.
6:58 of 2nd period - Icing by Jayson Megna.
6:59 of 2nd period - Jayson Megna wins face-off versus Matt Luff in Tappara Tampere zone.
7:08 of 2nd period - Wrist shot by Dominik Kubalik.
7:08 of 2nd period - Stopped by Hunter Jones without a rebound.
7:09 of 2nd period - Matthew Beniers wins face-off versus Jonny Brodzinski in Cape Breton Oilers zone.
7:45 of 2nd period - Wrist shot by Alexey Toropchenko.
7:45 of 2nd period - Stopped by Chris Driedger without a rebound.
7:46 of 2nd period - Dominik Kubalik wins face-off versus Dominic Toninato in Tappara Tampere zone.
7:48 of 2nd period - Icing by Jayson Megna.
7:49 of 2nd period - Dominic Toninato wins face-off versus Jayson Megna in Tappara Tampere zone.
7:50 of 2nd period - Snap shot by Max Jones.
7:50 of 2nd period - Deflect By Dominic Toninato.
7:50 of 2nd period - Stopped by Chris Driedger without a rebound.
7:51 of 2nd period - Dominic Toninato wins face-off versus Jayson Megna in Tappara Tampere zone.
7:56 of 2nd period - Snap shot by Dominic Toninato.
7:56 of 2nd period - Deflect By Brennan Othmann.
7:56 of 2nd period - Stopped by Chris Driedger without a rebound.
7:57 of 2nd period - Alexey Toropchenko wins face-off versus Matthew Beniers in Tappara Tampere zone.
8:27 of 2nd period - Jayson Megna is hit by Max Jones and loses puck.
8:45 of 2nd period - Snap shot by Mattias Janmark.
8:45 of 2nd period - Shot Misses the Net.
8:51 of 2nd period - Max Jones is hit by Nikita Zaitsev.
9:36 of 2nd period - Wrist shot by Matthew Beniers.
9:36 of 2nd period - Shot Blocked by Brett Seney.
9:38 of 2nd period - Wrist shot by Jan Rutta.
9:38 of 2nd period - Deflect By Logan Stankoven.
9:38 of 2nd period - Stopped by Hunter Jones without a rebound.
9:39 of 2nd period - Jayson Megna wins face-off versus Alex Belzile in Cape Breton Oilers zone.
10:05 of 2nd period - Leon Gawanke is hit by John Klingberg and loses puck.
10:31 of 2nd period - Kent Johnson is hit by Parker Kelly and loses puck.
11:26 of 2nd period - Icing by Jonny Brodzinski.
11:27 of 2nd period - Alex Belzile wins face-off versus Nathan Walker in Cape Breton Oilers zone.
11:27 of 2nd period - Alex Belzile is hit by Logan Stankoven.
13:17 of 2nd period - Snap shot by Carl Grundstrom.
13:17 of 2nd period - Shot Blocked by Sam Carrick.
13:49 of 2nd period - Kent Johnson is hit by Brett Seney.
13:55 of 2nd period - Matt Martin is hit by Max Jones and loses puck.
14:11 of 2nd period - Snap shot by Carl Grundstrom.
14:11 of 2nd period - Stopped by Chris Driedger with a rebound.
14:13 of 2nd period - Wrist shot by Carl Grundstrom.
14:13 of 2nd period - Stopped by Chris Driedger with a rebound.
14:15 of 2nd period - Slapshot by William Trudeau.
14:15 of 2nd period - Shot Blocked by Sebastian J Aho.
14:36 of 2nd period - Nathan Walker is hit by Parker Kelly and loses puck.
15:29 of 2nd period - Backhand shot by Andrew Cogliano.
15:29 of 2nd period - Shot Blocked by Dominic Toninato.
15:41 of 2nd period - Luke Evangelista is hit by Mattias Janmark.
16:00 of 2nd period - Leon Gawanke is hit by Matt Martin and loses puck.
16:13 of 2nd period - Ben Hutton is hit by Parker Kelly and loses puck.
16:40 of 2nd period - Snap shot by Max Jones.
16:40 of 2nd period - Stopped by Chris Driedger with a rebound.
16:55 of 2nd period - Leon Gawanke is hit by Matthew Beniers.
16:59 of 2nd period - Dominic Toninato is hit by Matthew Beniers and loses puck.
17:10 of 2nd period - Nikita Zaitsev is hit by Brennan Othmann and loses puck.
17:15 of 2nd period - Slapshot by Dominic Toninato.
17:15 of 2nd period - Stopped by Chris Driedger with a rebound.
17:17 of 2nd period - Wrist shot by Max Jones.
17:17 of 2nd period - Stopped by Chris Driedger without a rebound.
17:18 of 2nd period - Jayson Megna wins face-off versus Jonny Brodzinski in Tappara Tampere zone.
17:35 of 2nd period - Andrew Cogliano is hit by Kevin Bahl and loses puck.
17:56 of 2nd period - Snap shot by Tanner Pearson.
17:56 of 2nd period - Shot Misses the Net.
18:30 of 2nd period - Snap shot by John Klingberg.
18:30 of 2nd period - Shot Blocked by Leon Gawanke.
18:52 of 2nd period - Snap shot by John Klingberg.
18:52 of 2nd period - Stopped by Hunter Jones with a rebound.
19:17 of 2nd period - Kent Johnson is hit by Parker Kelly and loses puck.
Goals for this period are 1 for Tappara Tampere vs 1 for Cape Breton Oilers.
Shots for this period are 10 for Tappara Tampere vs 11 for Cape Breton Oilers.
3rd period
0:01 of 3rd period - Jayson Megna wins face-off versus Parker Kelly in neutral zone.
0:12 of 3rd period - Backhand shot by Jayson Megna.
0:12 of 3rd period - Stopped by Hunter Jones with a rebound.
0:14 of 3rd period - Wrist shot by Jayson Megna.
0:14 of 3rd period - Stopped by Hunter Jones with a rebound.
0:16 of 3rd period - Snap shot by Jayson Megna.
0:16 of 3rd period - Deflect By Dominik Kubalik.
0:16 of 3rd period - Shot Blocked by Wyatt Kaiser.
0:16 of 3rd period - Puck is out of play.
0:17 of 3rd period - Sam Carrick wins face-off versus Jonny Brodzinski in Cape Breton Oilers zone.
0:18 of 3rd period - Snap shot by Kent Johnson.
0:18 of 3rd period - Stopped by Hunter Jones without a rebound.
0:19 of 3rd period - Sam Carrick wins face-off versus Jonny Brodzinski in Cape Breton Oilers zone.
0:20 of 3rd period - Wrist shot by Kent Johnson.
0:20 of 3rd period - Stopped by Hunter Jones with a rebound.
0:22 of 3rd period - Snap shot by Sam Carrick.
0:22 of 3rd period - Stopped by Hunter Jones without a rebound.
0:23 of 3rd period - Sam Carrick wins face-off versus Luke Evangelista in Cape Breton Oilers zone.
0:24 of 3rd period - Snap shot by Kent Johnson.
0:24 of 3rd period - Stopped by Hunter Jones with a rebound.
1:48 of 3rd period - Wrist shot by Luke Evangelista.
1:48 of 3rd period - Shot Misses the Net.
1:50 of 3rd period - Slapshot by Will Cuylle.
1:50 of 3rd period - Shot Blocked by John Klingberg.
1:52 of 3rd period - Slapshot by Leon Gawanke.
1:52 of 3rd period - Shot Misses the Net.
1:54 of 3rd period - Backhand shot by William Trudeau.
1:54 of 3rd period - Stopped by Chris Driedger without a rebound.
1:55 of 3rd period - Sam Carrick wins face-off versus Dominic Toninato in Tappara Tampere zone.
2:10 of 3rd period - Snap shot by Matt Martin.
2:10 of 3rd period - Stopped by Hunter Jones without a rebound.
2:11 of 3rd period - Jayson Megna wins face-off versus Parker Kelly in Cape Breton Oilers zone.
2:55 of 3rd period - Snap shot by Parker Kelly.
2:55 of 3rd period - Stopped by Chris Driedger with a rebound.
3:11 of 3rd period - Wrist shot by Dominik Kubalik.
3:11 of 3rd period - Stopped by Hunter Jones with a rebound.
3:13 of 3rd period - Minor Penalty to Wyatt Kaiser for Hooking.
3:14 of 3rd period - Matthew Beniers wins face-off versus Dominic Toninato in Cape Breton Oilers zone.
3:47 of 3rd period - Calvin De Haan is hit by Kevin Bahl and loses puck.
4:02 of 3rd period - Snap shot by Luke Evangelista.
4:02 of 3rd period - Stopped by Chris Driedger with a rebound.
5:13 of 3rd period - Penalty to Wyatt Kaiser is over, Wyatt Kaiser is back on ice.
5:36 of 3rd period - Icing by Alexey Toropchenko.
5:37 of 3rd period - Jonny Brodzinski wins face-off versus Dominik Kubalik in Cape Breton Oilers zone.
7:08 of 3rd period - Slapshot by Dominic Toninato.
7:08 of 3rd period - Stopped by Chris Driedger with a rebound.
7:41 of 3rd period - Luke Evangelista is hit by Sam Carrick and loses puck.
8:03 of 3rd period - Will Cuylle is hit by Ben Hutton and loses puck.
8:20 of 3rd period - Vladislav Kolyachonok is hit by Nathan Walker and loses puck.
8:33 of 3rd period - Snap shot by Dominic Toninato.
8:33 of 3rd period - Stopped by Chris Driedger without a rebound.
8:34 of 3rd period - Parker Kelly wins face-off versus Jayson Megna in Tappara Tampere zone.
8:39 of 3rd period - Backhand shot by Brett Seney.
8:39 of 3rd period - Stopped by Chris Driedger without a rebound.
8:40 of 3rd period - Parker Kelly wins face-off versus Sam Carrick in Tappara Tampere zone.
8:51 of 3rd period - Wrist shot by Matt Martin.
8:51 of 3rd period - Shot Blocked by Philip Broberg.
8:53 of 3rd period - Wrist shot by Kent Johnson.
8:53 of 3rd period - Stopped by Hunter Jones with a rebound.
8:55 of 3rd period - Slapshot by Kent Johnson.
8:55 of 3rd period - Deflect By Brett Seney.
8:55 of 3rd period - Shot Misses the Net.
8:55 of 3rd period - Puck is out of play.
8:56 of 3rd period - Luke Evangelista wins face-off versus Matthew Beniers in Cape Breton Oilers zone.
9:01 of 3rd period - Ben Hutton is hit by Will Cuylle and loses puck.
10:28 of 3rd period - Snap shot by Matthew Beniers.
10:28 of 3rd period - Stopped by Hunter Jones without a rebound.
10:29 of 3rd period - Sam Carrick wins face-off versus Dominic Toninato in Cape Breton Oilers zone.
10:40 of 3rd period - Snap shot by Kent Johnson.
10:40 of 3rd period - Shot Misses the Net.
10:51 of 3rd period - Minor Penalty to Alexey Toropchenko for Cross-checking.
10:52 of 3rd period - Matthew Beniers wins face-off versus Dominic Toninato in Cape Breton Oilers zone.
11:07 of 3rd period - Slapshot by Matthew Beniers.
11:07 of 3rd period - Stopped by Hunter Jones with a rebound.
11:19 of 3rd period - Jan Rutta is hit by Parker Kelly and loses puck.
11:54 of 3rd period - Parker Kelly is hit by Dominik Kubalik and loses puck.
12:19 of 3rd period - Dominic Toninato is hit by Logan Stankoven and loses puck.
12:51 of 3rd period - Penalty to Alexey Toropchenko is over, Alexey Toropchenko is back on ice.
13:10 of 3rd period - Wrist shot by Alex Belzile.
13:10 of 3rd period - Shot Misses the Net.
13:13 of 3rd period - Icing by Matt Martin.
13:14 of 3rd period - Will Cuylle wins face-off versus Sam Carrick in Tappara Tampere zone.
13:35 of 3rd period - Snap shot by Alexey Toropchenko.
13:35 of 3rd period - Shot Misses the Net.
13:37 of 3rd period - Slapshot by Alexey Toropchenko.
13:37 of 3rd period - Shot Misses the Net.
13:39 of 3rd period - Slapshot by Alex Belzile.
13:39 of 3rd period - Shot Misses the Net.
13:41 of 3rd period - Slapshot by Kevin Bahl.
13:41 of 3rd period - Stopped by Chris Driedger without a rebound.
13:42 of 3rd period - Matthew Beniers wins face-off versus Dominic Toninato in Tappara Tampere zone.
13:57 of 3rd period - Slapshot by Brennan Othmann.
13:57 of 3rd period - Stopped by Chris Driedger without a rebound.
13:58 of 3rd period - Jayson Megna wins face-off versus Parker Kelly in Tappara Tampere zone.
14:03 of 3rd period - Snap shot by Dominik Kubalik.
14:03 of 3rd period - Stopped by Hunter Jones with a rebound.
14:09 of 3rd period - Snap shot by Andrew Cogliano.
14:09 of 3rd period - Deflect By Dominik Kubalik.
14:09 of 3rd period - Stopped by Hunter Jones with a rebound.
15:07 of 3rd period - Snap shot by Tomas Nosek.
15:07 of 3rd period - Stopped by Hunter Jones with a rebound.
15:30 of 3rd period - Snap shot by Will Cuylle.
15:30 of 3rd period - Goal by Will Cuylle - Tappara Tampere : 3 - Cape Breton Oilers : 2.
15:31 of 3rd period - Dominic Toninato wins face-off versus Sam Carrick in neutral zone.
15:44 of 3rd period - Slapshot by Kent Johnson.
15:44 of 3rd period - Stopped by Hunter Jones without a rebound.
15:45 of 3rd period - Tomas Nosek wins face-off versus Alex Belzile in Cape Breton Oilers zone.
15:46 of 3rd period - Wrist shot by Tanner Pearson.
15:46 of 3rd period - Shot Blocked by Philip Broberg.
15:48 of 3rd period - Slapshot by Calvin De Haan.
15:48 of 3rd period - Shot Blocked by Alexey Toropchenko.
15:50 of 3rd period - Slapshot by Calvin De Haan.
15:50 of 3rd period - Stopped by Hunter Jones without a rebound.
15:51 of 3rd period - Alex Belzile wins face-off versus Tomas Nosek in Cape Breton Oilers zone.
15:54 of 3rd period - Snap shot by Mattias Janmark.
15:54 of 3rd period - Shot Misses the Net.
15:56 of 3rd period - Snap shot by Tanner Pearson.
15:56 of 3rd period - Stopped by Hunter Jones without a rebound.
15:57 of 3rd period - Sam Carrick wins face-off versus Dominic Toninato in Cape Breton Oilers zone.
16:12 of 3rd period - Slapshot by Kent Johnson.
16:12 of 3rd period - Stopped by Hunter Jones without a rebound.
16:13 of 3rd period - Matthew Beniers wins face-off versus Parker Kelly in Cape Breton Oilers zone.
16:20 of 3rd period - Wrist shot by Alexey Toropchenko.
16:20 of 3rd period - Stopped by Chris Driedger without a rebound.
16:21 of 3rd period - Matthew Beniers wins face-off versus Parker Kelly in Tappara Tampere zone.
16:21 of 3rd period - Matthew Beniers is hit by Alexey Toropchenko.
16:30 of 3rd period - Minor Penalty to Ben Hutton for Elbowing.
16:31 of 3rd period - Sam Carrick wins face-off versus Parker Kelly in Tappara Tampere zone.
16:47 of 3rd period - Wrist shot by Parker Kelly.
16:47 of 3rd period - Goal by Parker Kelly - Tappara Tampere : 3 - Cape Breton Oilers : 3.
16:48 of 3rd period - Sam Carrick wins face-off versus Dominic Toninato in neutral zone.
16:59 of 3rd period - Snap shot by Max Jones.
16:59 of 3rd period - Shot Blocked by Calvin De Haan.
17:01 of 3rd period - Snap shot by Max Jones.
17:01 of 3rd period - Shot Blocked by Calvin De Haan.
17:03 of 3rd period - Slapshot by Brennan Othmann.
17:03 of 3rd period - Stopped by Chris Driedger without a rebound.
17:04 of 3rd period - Tomas Nosek wins face-off versus Alex Belzile in Tappara Tampere zone.
17:38 of 3rd period - Brennan Othmann is hit by Nikita Zaitsev and loses puck.
18:35 of 3rd period - Snap shot by Mattias Janmark.
18:35 of 3rd period - Stopped by Hunter Jones without a rebound.
18:36 of 3rd period - Alex Belzile wins face-off versus Tomas Nosek in Cape Breton Oilers zone.
19:31 of 3rd period - Snap shot by Logan Stankoven.
19:31 of 3rd period - Stopped by Hunter Jones with a rebound.
Goals for this period are 0 for Tappara Tampere vs 2 for Cape Breton Oilers.
Shots for this period are 20 for Tappara Tampere vs 12 for Cape Breton Oilers.
Overtime #1
0:01 of 1st overtime period - Matthew Beniers wins face-off versus Alexey Toropchenko in neutral zone.
0:04 of 1st overtime period - Snap shot by Jan Rutta.
0:04 of 1st overtime period - Shot Blocked by Philip Broberg.
0:06 of 1st overtime period - Wrist shot by Andrew Cogliano.
0:06 of 1st overtime period - Stopped by Hunter Jones with a rebound.
0:08 of 1st overtime period - Slapshot by Calvin De Haan.
0:08 of 1st overtime period - Deflect By Matthew Beniers.
0:08 of 1st overtime period - Stopped by Hunter Jones with a rebound.
0:12 of 1st overtime period - Snap shot by Andrew Cogliano.
0:12 of 1st overtime period - Deflect By Matthew Beniers.
0:12 of 1st overtime period - Stopped by Hunter Jones with a rebound.
0:14 of 1st overtime period - Backhand shot by Matthew Beniers.
0:14 of 1st overtime period - Goal by Matthew Beniers - Tappara Tampere : 4 - Cape Breton Oilers : 3.
Goals for this period are 1 for Tappara Tampere vs 0 for Cape Breton Oilers.
Shots for this period are 4 for Tappara Tampere vs 0 for Cape Breton Oilers.
Back to the Top